cohdb
Replays
Latest Replays
All Replays
Popular Replays
Top Player Replays
Match Explorer
How It Works
Community
CoH3 Stats
Reddit
Sign in to upload your games and track your stats! →
Sign in with Steam
Match 45895475
Unlisted
Match 45895475
Overview
Messages
Build Orders
End
Construct Barracks
Selects Airborne Battlegroup
Selects Pathfinders
Pathfinder Squad
Riflemen Squad
Riflemen Squad
Construct Medical Station
Selects Paratrooper Squad Paradrop
Grenade Package
Riflemen Squad
Mechanized Support Center
M1918 Browning Automatic Rifles
Saevo
Thunderguardian
~TAB~ THUND3RCHUNKY
Yeknod
0
0
Comments
sign in to comment!
No comments posted yet!